DSL
DSL CHICAGO (A) WHITE SOX @ DSL JACKSONVILLE BOMBERS
07/22/2041
 
TOP OF THE 1ST
DSL Chicago (A) White Sox batting - Pitching for DSL Jacksonville Bombers : RHP José Barrera
Pitching: RHP José Barrera
Batting: RHB Junior Baker 0-0: Ball
1-0: Ball
2-0: Ground out 4-3 (Groundball, 4, EV 85.0 MPH)
Batting: RHB Greg Gill 0-0: Foul Ball, location: 9LMF
0-1: Foul Ball, location: 5F
0-2: Strikes out swinging
Batting: RHB Alan Lounsbury 0-0: Called Strike
0-1: Ball
1-1: Ball
2-1: Foul Ball, location: 9LDF
2-2: Foul Ball, location: 2F
2-2: SINGLE (Groundball, 4M, EV 95.6 MPH) (infield hit)
Batting: RHB Adrián Rosa 0-0: Ball
1-0: Called Strike
1-1: Ball
2-1: SINGLE (Groundball, 6MD, EV 96.3 MPH)
Alan Lounsbury to second
Batting: LHB Jesús Meza 0-0: Ball
1-0: Ball
2-0: Swinging Strike
2-1: TRIPLE (Line Drive, 9LD, EV 108.8 MPH)
Alan Lounsbury scores
Adrián Rosa scores
Batting: RHB Rob Anderson 0-0: Ball
1-0: Ball
2-0: Called Strike
2-1: Ball
3-1: Foul Ball, location: 7LSF
3-2: Fly out, F9 (Line Drive, 9S, EV 88.8 MPH)
Top of the 1st over - 2 runs, 3 hits, 0 errors, 1 left on base; DSL Chicago (A) 2 - DSL Jacksonville 0
BOTTOM OF THE 1ST
DSL Jacksonville Bombers batting - Pitching for DSL Chicago (A) White Sox : RHP Jake Ayala
Pitching: RHP Jake Ayala
Batting: LHB Freddy Abreu 0-0: Ground out 4-3 (Groundball, 4S, EV 63.1 MPH)
Batting: RHB José Valentín 0-0: Called Strike
0-1: Ball
1-1: Swinging Strike
1-2: Foul Ball, location: 3F
1-2: Ball
2-2: DOUBLE (Line Drive, 5D, EV 93.8 MPH)
Batting: RHB Ismael Flores 0-0: Swinging Strike
0-1: Foul Ball, location: 9LSF
0-2: Ball
1-2: Ball
2-2: Ball
3-2: Strikes out swinging
Batting: LHB Norberto Ochoa 0-0: Ball
1-0: Ball
2-0: Ball
3-0: Called Strike
3-1: DOUBLE (Flyball, 8LXD, EV 102.5 MPH)
José Valentín scores
Batting: RHB José Alfaro 0-0: Foul Ball, location: 2F
0-1: 2-RUN HOME RUN (Line Drive, 7D, EV 96.9 MPH), Distance : 390 ft
Batting: SHB Constantin Odilo 0-0: Fly out, F6 (Popup, 6, EV 60.0 MPH)
Bottom of the 1st over - 3 runs, 3 hits, 0 errors, 0 left on base; DSL Chicago (A) 2 - DSL Jacksonville 3
TOP OF THE 2ND
DSL Chicago (A) White Sox batting - Pitching for DSL Jacksonville Bombers : RHP José Barrera
Batting: RHB José López 0-0: Ball
1-0: Foul Ball, location: 2F
1-1: Ball
2-1: Foul Ball, location: 25F
2-2: Ball
3-2: Ground out 6-3 (Groundball, 6, EV 83.1 MPH)
Batting: LHB Steve Crews 0-0: Called Strike
0-1: Swinging Strike
0-2: Strikes out swinging
Batting: RHB Bob Nolan 0-0: Swinging Strike
0-1: Called Strike
0-2: Foul Ball, location: 2F
0-2: Ball
1-2: Ball
2-2: Strikes out looking
Top of the 2nd over - 0 runs, 0 hits, 0 errors, 0 left on base; DSL Chicago (A) 2 - DSL Jacksonville 3
BOTTOM OF THE 2ND
DSL Jacksonville Bombers batting - Pitching for DSL Chicago (A) White Sox : RHP Jake Ayala
Batting: LHB Mario Medina 0-0: Fly out, F9 (Flyball, 9LM, EV 101.3 MPH)
Batting: RHB José Castillo 0-0: Called Strike
0-1: Fly out, F6 (Popup, 6M, EV 63.1 MPH)
Batting: RHB Jesús Valenzuela 0-0: Ball
1-0: Foul Ball, location: 2F
1-1: Foul Ball, location: 9LSF
1-2: DOUBLE (Flyball, 78D, EV 96.3 MPH)
Batting: LHB Freddy Abreu 0-0: Called Strike
0-1: Foul Ball, location: 2F
0-2: SINGLE (Line Drive, 6MD, EV 98.8 MPH)
Jesús Valenzuela to third
Runner from 3rd tries for Home, SAFE, throw by CF to home
Batting: RHB José Valentín 0-0: Ball
Freddy Abreu steals 2nd base
1-0: Ball
2-0: Called Strike
2-1: Ball
3-1: Base on Balls
Batting: RHB Ismael Flores 0-0: Called Strike
José Valentín is caught stealing 2nd base 2-4
Freddy Abreu advances to 3rd base
Bottom of the 2nd over - 1 run, 2 hits, 0 errors, 1 left on base; DSL Chicago (A) 2 - DSL Jacksonville 4
TOP OF THE 3RD
DSL Chicago (A) White Sox batting - Pitching for DSL Jacksonville Bombers : RHP José Barrera
Batting: RHB Junior Baker 0-0: Fly out, F3 (Popup, 3SF, EV 80.0 MPH)
Batting: RHB Greg Gill 0-0: Foul Ball, location: 5F
0-1: Swinging Strike
0-2: Ball
1-2: Strikes out looking
Batting: RHB Alan Lounsbury 0-0: Ball
1-0: Ball
2-0: Swinging Strike
2-1: Foul Ball, location: 7LMF
2-2: Fly out, F3 (Popup, 3SF, EV 88.1 MPH)
Top of the 3rd over - 0 runs, 0 hits, 0 errors, 0 left on base; DSL Chicago (A) 2 - DSL Jacksonville 4
BOTTOM OF THE 3RD
DSL Jacksonville Bombers batting - Pitching for DSL Chicago (A) White Sox : RHP Jake Ayala
Batting: RHB Ismael Flores 0-0: Ball
1-0: Ball
2-0: Ball
3-0: Base on Balls
Batting: LHB Norberto Ochoa 0-0: Called Strike
0-1: Ball
1-1: Ball
2-1: Ball
Ismael Flores is caught stealing 2nd base 2-6
3-1: Base on Balls
Batting: RHB José Alfaro 0-0: Fly out, F8 (Flyball, 8RD, EV 105.0 MPH)
Batting: SHB Constantin Odilo 0-0: Ball
1-0: Fly out, F7 (Line Drive, 7, EV 95.0 MPH)
Bottom of the 3rd over - 0 runs, 0 hits, 0 errors, 1 left on base; DSL Chicago (A) 2 - DSL Jacksonville 4
TOP OF THE 4TH
DSL Chicago (A) White Sox batting - Pitching for DSL Jacksonville Bombers : RHP José Barrera
Batting: RHB Adrián Rosa 0-0: Ball
1-0: Ball
2-0: Ball
3-0: Base on Balls
Batting: LHB Jesús Meza 0-0: Grounds into double play, 3-6-3 (Groundball, 3S, EV 85.0 MPH)
Batting: RHB Rob Anderson 0-0: Called Strike
0-1: Ground out 6-3 (Groundball, 6, EV 111.3 MPH)
Top of the 4th over - 0 runs, 0 hits, 0 errors, 0 left on base; DSL Chicago (A) 2 - DSL Jacksonville 4
BOTTOM OF THE 4TH
DSL Jacksonville Bombers batting - Pitching for DSL Chicago (A) White Sox : RHP Jake Ayala
Batting: LHB Mario Medina 0-0: Fly out, F7 (Line Drive, 7S, EV 97.5 MPH)
Batting: RHB José Castillo 0-0: Ball
1-0: Called Strike
1-1: Foul Ball, location: 25F
1-2: Strikes out swinging
Batting: RHB Jesús Valenzuela 0-0: Called Strike
0-1: Swinging Strike
0-2: Ball
1-2: Foul Ball, location: 7LMF
1-2: Ball
2-2: Strikes out swinging
Bottom of the 4th over - 0 runs, 0 hits, 0 errors, 0 left on base; DSL Chicago (A) 2 - DSL Jacksonville 4
TOP OF THE 5TH
DSL Chicago (A) White Sox batting - Pitching for DSL Jacksonville Bombers : RHP José Barrera
Batting: RHB José López 0-0: Ball
1-0: Ball
2-0: Foul Ball, location: 5SF
2-1: Foul Ball, location: 7LMF
2-2: Ball
3-2: Fly out, F8 (Line Drive, 8LM, EV 108.8 MPH)
Batting: LHB Steve Crews 0-0: Ball
1-0: Swinging Strike
1-1: Ball
2-1: Called Strike
2-2: Strikes out looking
Batting: RHB Bob Nolan 0-0: Ground out 5-3 (Groundball, 15, EV 88.1 MPH)
Top of the 5th over - 0 runs, 0 hits, 0 errors, 0 left on base; DSL Chicago (A) 2 - DSL Jacksonville 4
BOTTOM OF THE 5TH
DSL Jacksonville Bombers batting - Pitching for DSL Chicago (A) White Sox : RHP Jake Ayala
Batting: LHB Freddy Abreu 0-0: Called Strike
0-1: Ball
1-1: Ball
2-1: Ball
3-1: Swinging Strike
3-2: Base on Balls
Batting: RHB José Valentín 0-0: Ball
Freddy Abreu steals 2nd base
1-0: Swinging Strike
1-1: Ball
2-1: Bunt missed!
2-2: Ground out 1-3 (Groundball, 34S, EV 76.9 MPH)
Batting: RHB Ismael Flores 0-0: Called Strike
0-1: Ground out 6-3 (Groundball, 6, EV 110.0 MPH)
Freddy Abreu to third
Batting: LHB Norberto Ochoa 0-0: Ground out 4-3 (Groundball, 4, EV 103.1 MPH)
Bottom of the 5th over - 0 runs, 0 hits, 0 errors, 1 left on base; DSL Chicago (A) 2 - DSL Jacksonville 4
TOP OF THE 6TH
DSL Chicago (A) White Sox batting - Pitching for DSL Jacksonville Bombers : RHP José Barrera
Batting: RHB Junior Baker 0-0: Ball
1-0: Swinging Strike
1-1: Ball
2-1: Ball
3-1: Foul Ball, location: 2LF
3-2: Base on Balls
Pitching: LHP Xavier Rodríguez
Batting: RHB Greg Gill
Pinch Hitting: RHB Bernardo Rivas 0-0: Ball
1-0: Ball
Junior Baker steals 2nd base
2-0: SINGLE (Line Drive, 8LS, EV 93.8 MPH)
Junior Baker to third
Runner from 3rd tries for Home, SAFE, throw by CF to home
Batting: RHB Alan Lounsbury 0-0: Ball
1-0: Ball
2-0: Called Strike
2-1: DOUBLE (Flyball, 89XD, EV 88.8 MPH)
Bernardo Rivas to third
Batting: RHB Adrián Rosa 0-0: Ball
1-0: Called Strike
1-1: Ball
2-1: Ball
3-1: Called Strike
3-2: Fly out, F8 (Flyball, 89M, EV 89.4 MPH)
Lined into DP, 8-5 (Flyball, 89M, EV 89.4 MPH)
Batting: LHB Jesús Meza 0-0: Foul Ball, location: 25FF
0-1: Called Strike
0-2: Foul Ball, location: 2F
0-2: Foul Ball, location: 2F
0-2: Strikes out swinging
Top of the 6th over - 1 run, 2 hits, 0 errors, 1 left on base; DSL Chicago (A) 3 - DSL Jacksonville 4
BOTTOM OF THE 6TH
DSL Jacksonville Bombers batting - Pitching for DSL Chicago (A) White Sox : RHP Jake Ayala
Now at 2B: Pat Watson
Batting: RHB José Alfaro 0-0: Swinging Strike
0-1: Ball
1-1: Called Strike
1-2: Ball
2-2: TRIPLE (Flyball, 89XD, EV 85.6 MPH)
Batting: SHB Constantin Odilo 0-0: Ball
1-0: Foul Ball, location: 2F
1-1: Ball
2-1: Called Strike
2-2: Foul Ball, location: 2F
2-2: Ball
3-2: Base on Balls
Batting: LHB Mario Medina 0-0: Called Strike
Constantin Odilo is caught stealing 2nd base 2-6
0-1: Ball
1-1: Ball
2-1: Ball
3-1: Base on Balls
Batting: RHB José Castillo 0-0: Fly out, F7 (Flyball, 7LMF, EV 91.3 MPH)
Batting: RHB Jesús Valenzuela 0-0: Ball
1-0: DOUBLE (Line Drive, 7LM, EV 105.0 MPH)
José Alfaro scores
Mario Medina to third
Runner from 3rd tries for Home, SAFE, throw by LF to trailing runner, SAFE at third!
Pitching: LHP Josh Eaton
Batting: LHB Freddy Abreu 0-0: Ball
1-0: Ball
2-0: Called Strike
2-1: Foul Ball, location: 7LDF
2-2: Foul Ball, location: 5FF
2-2: Strikes out swinging
Bottom of the 6th over - 2 runs, 2 hits, 0 errors, 1 left on base; DSL Chicago (A) 3 - DSL Jacksonville 6
TOP OF THE 7TH
DSL Chicago (A) White Sox batting - Pitching for DSL Jacksonville Bombers : LHP Xavier Rodríguez
Batting: RHB Rob Anderson 0-0: Ball
1-0: Called Strike
1-1: Ball
2-1: Ball
3-1: Ground out 5-3 (Groundball, 56, EV 92.5 MPH)
Batting: RHB José López 0-0: Ball
1-0: Called Strike
1-1: Foul Ball, location: 2F
1-2: Ball
2-2: Foul Ball, location: 7LDF
2-2: Strikes out swinging
Batting: LHB Steve Crews 0-0: Called Strike
0-1: Ball
1-1: Foul Ball, location: 9LMF
1-2: Ball
2-2: Strikes out swinging
Top of the 7th over - 0 runs, 0 hits, 0 errors, 0 left on base; DSL Chicago (A) 3 - DSL Jacksonville 6
BOTTOM OF THE 7TH
DSL Jacksonville Bombers batting - Pitching for DSL Chicago (A) White Sox : LHP Josh Eaton
Batting: RHB José Valentín 0-0: Ball
1-0: Called Strike
1-1: Foul Ball, location: 23F
1-2: Strikes out looking
Batting: RHB Ismael Flores 0-0: Swinging Strike
0-1: Ball
1-1: Ball
2-1: Foul Ball, location: 2F
2-2: Strikes out looking
Batting: LHB Norberto Ochoa 0-0: Ball
1-0: Foul Ball, location: 9LSF
1-1: Ground out 5-3 (Groundball, 5S, EV 65.6 MPH)
Bottom of the 7th over - 0 runs, 0 hits, 0 errors, 0 left on base; DSL Chicago (A) 3 - DSL Jacksonville 6
TOP OF THE 8TH
DSL Chicago (A) White Sox batting - Pitching for DSL Jacksonville Bombers : LHP Xavier Rodríguez
Batting: RHB Bob Nolan 0-0: SOLO HOME RUN (Flyball, 7D, EV 109.4 MPH), Distance : 414 ft
Batting: RHB Junior Baker 0-0: Ball
1-0: Ball
2-0: Ball
3-0: Base on Balls
Pitching: RHP Robinson Moreno
Pinch Hitting: LHB Raúl Sánchez 0-0: Foul Ball, location: 5SF
0-1: Called Strike
0-2: Ball
1-2: Hit by Pitch
Junior Baker to second
Batting: RHB Alan Lounsbury 0-0: Ball
1-0: Swinging Strike
1-1: Ball
2-1: Foul Ball, location: 25FF
2-2: Foul Ball, location: 9LDF
2-2: Fly out, F5 (Popup, 5, EV 81.3 MPH)
Batting: RHB Adrián Rosa 0-0: Ball
1-0: Ball
2-0: Ball
3-0: Called Strike
3-1: Foul Ball, location: 9LDF
3-2: Strikes out swinging
Pinch Hitting: SHB Josh Dean 0-0: Ball
1-0: Called Strike
1-1: Called Strike
1-2: Strikes out swinging
Top of the 8th over - 1 run, 1 hit, 0 errors, 2 left on base; DSL Chicago (A) 4 - DSL Jacksonville 6
BOTTOM OF THE 8TH
DSL Jacksonville Bombers batting - Pitching for DSL Chicago (A) White Sox : LHP Josh Eaton
Now at C: Joe Guthrie
Now at 2B: Luis Trevino
Batting: RHB José Alfaro 0-0: Foul Ball, location: 3SF
0-1: Foul Ball, location: 2F
0-2: Strikes out looking
Batting: SHB Constantin Odilo 0-0: Fly out, F5 (Popup, 5SF, EV 73.8 MPH)
Batting: LHB Mario Medina 0-0: Ball
1-0: Called Strike
1-1: Foul Ball, location: 5DF
1-2: Strikes out looking
Bottom of the 8th over - 0 runs, 0 hits, 0 errors, 0 left on base; DSL Chicago (A) 4 - DSL Jacksonville 6
TOP OF THE 9TH
DSL Chicago (A) White Sox batting - Pitching for DSL Jacksonville Bombers : RHP Robinson Moreno
Pitching: RHP Anastasio Díaz
Pinch Hitting: LHB Ben Malone 0-0: Ball
1-0: Called Strike
1-1: Foul Ball, location: 2F
1-2: Ball
2-2: Ball
3-2: Base on Balls
Batting: RHB José López 0-0: Ball
1-0: Ball
2-0: Called Strike
2-1: SINGLE (Groundball, 34S, EV 82.5 MPH) (infield hit)
Ben Malone to second
Batting: RHB Randy Greer 0-0: Ball
1-0: Swinging Strike
1-1: Ball
2-1: Foul Ball, location: 7LMF
2-2: Ball
3-2: Base on Balls
Ben Malone to third
José López to second
Pinch Hitting: LHB Albert Marrero 0-0: Called Strike
0-1: Ball
1-1: GRAND SLAM HOME RUN (Line Drive, 9D, EV 97.5 MPH), Distance : 394 ft
Pitching: RHP Ernesto Gonzáles
Batting: RHB Junior Baker 0-0: Ball
1-0: Called Strike
1-1: Called Strike
1-2: DOUBLE (Line Drive, 7LD, EV 98.8 MPH)
Batting: RHB Luis Trevino 0-0: Ball
1-0: Ball
2-0: Ball
3-0: Foul Ball, location: 2F
3-1: Foul Ball, location: 2F
3-2: Base on Balls
Batting: RHB Alan Lounsbury 0-0: Ball
1-0: Called Strike
1-1: Called Strike
1-2: Ball
2-2: SINGLE (Groundball, 34D, EV 98.1 MPH)
Junior Baker to third
Luis Trevino to second
Runner from 3rd tries for Home, SAFE, throw by RF to home
Batting: RHB Adrián Rosa 0-0: Ball
1-0: Foul Ball, location: 2F
1-1: Ball
2-1: Ball
3-1: Base on Balls
Luis Trevino to third
Alan Lounsbury to second
Pinch Hitting: LHB António Álvarez 0-0: Fly out, F9 (Flyball, 89S, EV 95.6 MPH)
Batting: LHB Ben Malone 0-0: Ball
1-0: Ball
Wild Pitch!
Luis Trevino scores
Alan Lounsbury to third
Adrián Rosa to second
2-0: Ball
3-0: Base on Balls
Batting: RHB José López 0-0: Ball
1-0: Swinging Strike
1-1: Called Strike
1-2: Grounds into double play, 5-2-3 (Groundball, 56, EV 75.6 MPH)
Top of the 9th over - 6 runs, 4 hits, 0 errors, 2 left on base; DSL Chicago (A) 10 - DSL Jacksonville 6
BOTTOM OF THE 9TH
DSL Jacksonville Bombers batting - Pitching for DSL Chicago (A) White Sox : LHP Josh Eaton
Now at C: Bedric Garosh
Now at SS: Don Pierce
Now in RF: Bennie Sowell
Pinch Hitting: SHB António Berrios 0-0: Called Strike
0-1: Ball
1-1: Called Strike
1-2: Strikes out looking
Batting: RHB Jesús Valenzuela 0-0: Foul Ball, location: 2F
0-1: Called Strike
0-2: Ball
1-2: Foul Ball, location: 2F
1-2: Foul Ball, location: 9LMF
1-2: Foul Ball, location: 2F
1-2: Strikes out swinging
Batting: LHB Freddy Abreu 0-0: Fly out, F7 (Line Drive, 78M, EV 106.9 MPH)
Bottom of the 9th over - 0 runs, 0 hits, 0 errors, 0 left on base; DSL Chicago (A) 10 - DSL Jacksonville 6
Wednesday, April 3rd , 2024 - OOTP Baseball 24.10 Build 82